AoeStats
← no one

Arena

509443847Analyzed
1v1 RM · 6d ago on Sep 26, 2026· 36m 37s· 2 players
Game mode
Random Map
Map size
Tiny (2 player)
Population
200
Speed
Normal
Resources
Standard
Victory
Conquest
Starting age
Dark Age
Ending age
Imperial Age
RankedLock teamsTeams togetherTeam positionsShared explorationLock speedFull tech treeHidden civsTurbo modeCheats
Victory
Defeat
🇦🇷 Burgundians · Argentina
1641
+19
🇩🇪 Romans · Germany
1707
-19
no one
3:27 Double-Bit Axe
7:22 Horse Collar
10:54 Feudal Age
14:38 Castle Age
13:22 Bow Saw
16:51 Two-Man Saw
16:17 Loom
20:29 Fletching
21:23 Wheelbarrow
22:01 Town Watch
29:15 Imperial Age
28:05 Bodkin Arrow
31:01 Chemistry
37:15 Conscription
HumPs_AoE
8:22 Loom
10:23 Feudal Age
14:20 Castle Age
12:36 Scale Mail Armor
12:36 Double-Bit Axe
13:32 Man-at-Arms
16:26 Long Swordsman
17:45 Chain Mail Armor
22:19 Bow Saw
23:50 Squires
26:05 Forging
26:10 Horse Collar
31:45 Pikeman
34:59 Imperial Age
33:16 Heavy Plow
35:17 Capped Ram
35:19 Legionary
Connection lost

Rejoining the realm…

Still unreachable

The connection could not be restored.

Session expired

The server has moved on; the page needs a fresh start.